 Dungeon Crawl Stone Soup version 0.22-a0-367-gb72a975 (webtiles) character file.

34 wirefist the Ruffian (level 3, -1/33 HPs)
             Began as a Ghoul Monk on Apr 23, 2018.
             Slain by Terence
             ... wielding a +0 mace
              (4 damage)
             ... on level 2 of the Dungeon.
             The game lasted 00:02:18 (1134 turns).

wirefist the Ruffian (Ghoul Monk)                   Turns: 1134, Time: 00:02:19

Health: -1/33      AC:  2    Str: 14    XL:     3   Next: 31%
Magic:  2/2        EV: 13    Int:  5    God:
Gold:   40         SH:  0    Dex: 12    Spells: 2/2 levels left

rFire    . . .     SeeInvis .     - Unarmed
rCold    + . .     Gourm    .   (no shield)
rNeg     + + +     Faith    .   a - +0 robe
rPois    ∞         Spirit   .   (no helmet)
rElec    .         Reflect  .   (no cloak)
rCorr    .         Harm     .   (no gloves)
MR       .....                  (no boots)
Stlth    ++........             (no amulet)
HPRegen  0.00/turn              (no ring)
MPRegen  0.08/turn              (no ring)

@: rotting
A: rotting body, claws 1, carnivore, cold resistance 1, negative energy
resistance 3, inhibited regeneration, torment resistance, unbreathing
a: no special abilities


You were on level 2 of the Dungeon.
You were not hungry.

You visited 1 branch of the dungeon, and saw 2 of its levels.

You collected 40 gold pieces.

Inventory:

Armour
 a - a +0 robe (worn)
Jewellery
 k - a cursed ring of teleportation {unknown}
Scrolls
 c - 2 scrolls of enchant weapon {unknown}
 e - a scroll of teleportation {unknown}
 g - 4 scrolls of identify {unknown}
 i - a scroll of immolation {unknown}
 l - a scroll of remove curse {unknown}
Potions
 d - a potion of curing {unknown}
 f - 3 potions of heal wounds {unknown}
 h - 2 potions of resistance {unknown}
Comestibles
 b - 4 rations


   Skills:
 + Level 3.8 Fighting
 + Level 3.1 Dodging
 - Level 2.1 Stealth
 + Level 3.8 Unarmed Combat


You had 2 spell levels left.
You didn't know any spells.

Dungeon Overview and Level Annotations

Branches:
Dungeon (2/15)

Altars:
Yredelemnul

Annotations:
D:2 Terence


Innate Abilities, Weirdness & Mutations

Your body is rotting away.
You thrive on raw meat.
You are immune to poison.
You have sharp fingernails.
You are carnivorous and can eat meat at any time.
Your flesh is cold resistant. (rC+)
You are immune to negative energy. (rN+++)
You do not regenerate when monsters are visible.
You are immune to unholy pain and torment.
You can survive without breathing.


Message History

Terence is heavily wounded.
Terence barely misses you.
You scratch Terence.
Terence is heavily wounded.
Terence hits you with a mace.
* * * LOW HITPOINT WARNING * * *
You closely miss Terence.
Terence is heavily wounded.
You barely miss Terence. You claw Terence, but do no damage.
Terence is heavily wounded.
Terence hits you with a mace.
* * * LOW HITPOINT WARNING * * *
You scratch Terence.
Terence is severely wounded.
Terence says, "Don't bother to defend, it's senseless."
Terence misses you.
You scratch Terence.
Terence is severely wounded.
Terence hits you with a mace.
You die...

.......#
.......### ###
.........### ...#
......##...###...#
.......###.......#
.......#####.#...#
........# ##.## .#
........#..##@####
........#.# ##.#@#
......#...# ##@##
.....##...# ###
###.....#.##
..##.......#
#.#........#
#.#........#
..........##
#..#.....##


You could see Terence.

Vanquished Creatures
  A gnoll (D:1)
  A worm (D:2)
  A dart slug (D:1)
  2 leopard geckos
  2 giant cockroaches
  A goblin (D:1)
  4 hobgoblins
  2 ball pythons
  A bat (D:2)
  A frilled lizard (D:2)
  2 rats
18 creatures vanquished.

Notes
Turn   | Place    | Note
-------+----------+-------------------------------------------
     0 | D:1      | wirefist the Ghoul Monk began the quest for the Orb.
     0 | D:1      | Reached XP level 1. HP: 19/19 MP: 0/0
   325 | D:1      | Reached XP level 2. HP: 26/26 MP: 1/1
   801 | D:2      | Reached XP level 3. HP: 33/33 MP: 2/2
   837 | D:2      | Found a basalt altar of Yredelemnul.
  1080 | D:2      | Noticed Terence
  1134 | D:2      | Slain by Terence

Vault maps used:
D:1:      dpeg_arrival_water_altar
D:2:      yredelemnul_altar_generic, amethyst_killhole, uniq_terence

Skill      XL: |  1  2 |
---------------+-------+-----
Dodging        | 3 |  3.1
Fighting       | |  3.8
Stealth        | |  2.1
Unarmed Combat | |  3.8

Action                   || total
-------------------------++-------
Melee: Unarmed           ||    77
       Punch             ||     3
 Stab: Sleeping          ||     5
  Eat: Chunk             ||     1
Armor: Robe              ||     6
Dodge: Dodged            ||    45

Table legend:
 A = Spawn XP
 B = Non-spawn XP
 C = Spawn XP percentage of total XP
 D = Spawn monster count
 E = Non-spawn monster count
 F = Spawn count percentage of total count
 G = Total turns spent on level
                    A         B        C        D         E        F      G
               +---------+---------+-------+---------+---------+-------+---------
         Total |       0 |      49 |   0.0 |       0 |      18 |   0.0 |  1134
               +---------+---------+-------+---------+---------+-------+---------
           D:1 |       0 |      33 |   0.0 |       0 |      10 |   0.0 |   798
           D:2 |       0 |      16 |   0.0 |       0 |       8 |   0.0 |   336
               +---------+---------+-------+---------+---------+-------+---------
